 Dungeon Crawl Stone Soup version 0.22.0 (webtiles) character file.

5334 Blackhawk the Shield-Bearer (level 10, -2/56 HPs)
             Began as a Vine Stalker Fighter on Oct 25, 2018.
             Was a High Priest of Elyvilon.
             Slain by a killer bee (5 damage)
             ... on level 9 of the Dungeon.
             The game lasted 00:17:39 (7750 turns).

Blackhawk the Shield-Bearer (Vine Stalker Fighter)  Turns: 7750, Time: 00:17:39

Health: -2/56      AC: 13    Str: 26      XL:     10   Next: 64%
Magic:  0/11       EV:  7    Int: 12      God:    Elyvilon [*****.]
Gold:   193        SH: 11    Dex: 11 (13) Spells: 9/9 levels left

rFire    . . .     SeeInvis .   E - +0 rapier of Prescription {venom, *Corrode Str+3 Int+4}
rCold    . . .     Gourm    .   c - +0 shield
rNeg     . . .     Faith    +   k - +0 chain mail
rPois    +         Spirit   +   (no helmet)
rElec    .         Reflect  .   l - +2 cloak
rCorr    .         Harm     .   (no gloves)
MR       +....                  (no boots)
Stlth    ..........             D - amulet of faith
HPRegen  0.58/turn              g - ring of poison resistance
MPRegen  0.12/turn              (no ring)

@: lethally poisoned (-2 -> -3)
A: fangs 3, regeneration 1, magic shield, antimagic bite, no potion heal 3, rot
immunity
a: Lesser Healing, Heal Other, Purification, Greater Healing, Divine Vigour,
Divine Protection, Renounce Religion


You were on level 9 of the Dungeon.
You worshipped Elyvilon.
Elyvilon was extremely pleased with you.
You were not hungry.

You visited 2 branches of the dungeon, and saw 10 of its levels.

You collected 397 gold pieces.
You spent 204 gold pieces at shops.

Inventory:

Hand Weapons
 a - a +0 flail
 E - the +0 rapier of Prescription (weapon) {venom, *Corrode Str+3 Int+4}
   (You took it off an orc on level 5 of the Dungeon)

   It poisons the flesh of those it strikes.
   It affects your strength (+3).
   It affects your intelligence (+4).
   It may corrode you when you take damage.
 F - the cursed +0 falchion of Uncertain Death {flame, rN+}
   (You bought it in a shop on level 7 of the Dungeon)

   It has been specially enchanted to burn those struck by it, causing extra
   injury to most foes and up to half again as much damage against particularly
   susceptible opponents.
   Big, fiery blades are also staple armaments of hydra-hunters.
   It protects you from negative energy.
   It has a curse placed upon it.
 H - a +1 fustibalus of freezing
 I - the cursed +3 mace "Edobayr" {chaos, rF- rC+ MR+++ Int+2}
   (You found it on level 7 of the Dungeon)

   Each time it hits an enemy it has a different, random effect.
   It affects your intelligence (+2).
   It makes you vulnerable to fire.
   It protects you from cold.
   It affects your resistance to hostile enchantments.
   It has a curse placed upon it.
   Elyvilon disapproves of the use of such an item.
Armour
 c - a +0 shield (worn)
 k - a +0 chain mail (worn)
 l - a +2 cloak (worn)
 L - a +2 cloak
 M - a scarf of resistance
Jewellery
 g - a ring of poison resistance (left hand)
 h - an uncursed amulet of the gourmand
 s - an uncursed amulet of the acrobat
 D - an amulet of faith (around neck)
 O - an uncursed amulet of regeneration {unknown}
Wands
 n - a wand of flame (39)
 y - a wand of enslavement (13)
 G - a wand of iceblast (11)
 K - a wand of acid (4)
 N - a wand of disintegration (13)
Scrolls
 e - 2 scrolls of enchant armour {unknown}
 i - 6 scrolls of remove curse
 j - 2 scrolls of teleportation {unknown}
 m - 11 scrolls of identify
 o - a scroll of random uselessness {unknown}
 p - 3 scrolls of enchant weapon {unknown}
 q - a scroll of amnesia {unknown}
 v - 3 scrolls of fog {unknown}
 w - 2 scrolls of fear {unknown}
Potions
 b - a potion of degeneration {unknown}
 d - 2 potions of might
 r - 4 potions of curing {unknown}
 t - a potion of agility {unknown}
 u - 2 potions of brilliance {unknown}
 x - a potion of cancellation {unknown}
 z - 2 potions of heal wounds
 A - a potion of magic {unknown}
 B - a potion of invisibility {unknown}
 C - a potion of ambrosia {unknown}
 J - a potion of mutation {unknown}
Comestibles
 f - 19 rations
 P - 2 chunks of flesh


   Skills:
 + Level 7.6 Fighting
 + Level 5.0 Short Blades
 - Level 5.0 Maces & Flails
 + Level 6.9 Armour
 + Level 7.6 Shields


You had 9 spell levels left.
You didn't know any spells.
Your spell library contained the following spells:

 Spells                   Type           Power        Failure   Level  Hunger
 Confuse                  Hex            #.......     100%        3    ####...
 Confusing Touch          Hex            #.....       99%         1    ##.....
 Metabolic Englaciation   Hex/Ice        #.........   100%        5    ######.
 Petrify                  Tmut/Erth      #.......     100%        4    #####..
 Gell's Gravitas          Tloc           #.........   100%        3    ####...
 Yara's Violent Unravell  Hex/Tmut       #.........   100%        5    ######.


Dungeon Overview and Level Annotations

Branches:
Dungeon (9/15)             Temple (1/1) D:5            Lair (0/6) D:8
    Orc: D:9-12

Altars:
Ashenzari
Cheibriados
Dithmenos
Elyvilon
Fedhas
Gozag
Hepliaklqana
Kikubaaqudgha
Makhleb
Nemelex Xobeh
Okawaru
Qazlal
Ru
Uskayaw
Vehumet
Wu Jian
Xom
Yredelemnul
Zin
Lugonu

Shops:
D:7 *

Annotations:
D:6 1 runed door


Innate Abilities, Weirdness & Mutations

You have razor-sharp teeth.
Your natural rate of healing is unusually fast.
When hurt, damage is shared between your health and your magic reserves.
Your bite disrupts and absorbs the magic of your enemies.
Potions cannot restore your health.
You are immune to rotting.


Message History

You block the killer bee's attack.
You miss the killer bee.
The killer bee is moderately wounded.
You feel sick. The killer bee barely misses you.
The killer bee stings you but does no damage.
The killer bee closely misses you.
The killer bee stings you but does no damage. x3
You hit the killer bee.
The killer bee is poisoned.
Your bite misses the killer bee.
The killer bee is heavily wounded.
You feel sick. You block the killer bee's attack.
The killer bee stings you but does no damage.
You block the killer bee's attack. The killer bee stings you.
* * * LOW HITPOINT WARNING * * *
The killer bee stings you.
* * * LOW HITPOINT WARNING * * *
The killer bee stings you.
* * * LOW HITPOINT WARNING * * *
The killer bee stings you.
You die...

.. #.............≈.≈ ...#
##..............≈.
.....###.............≈...
....................≈.≈.≈
......................≈...
.........................≈.
..............#######....≈.≈
...........yy.## ##....≈.
............y@## ##.....
.≈............y## ##...≈
...............# #....
........>.♣≈≈≈.#
y..........≈≈P.#
..........≈≈♣..#
.≈.........≈...#
...............##
................#


You could see 4 killer bees.

Vanquished Creatures
  Pikel (D:6)
  A spriggan (D:7)
  6 yaks
  Menkaure (D:4)
  Edmund (D:6)
  3 porcupines
  A sky beast (D:5)
  An ice beast (D:5)
  An orc warrior (D:8)
  A phantom (D:6)
  4 ogres
  4 centaurs
  2 crocodiles
  2 bullfrogs
  9 scorpions
  3 killer bees
  2 crimson imps
  2 quasits
  A bullfrog zombie (D:5)
  A jelly (D:6)
  8 orc priests
  3 hounds
  5 orc wizards
  Crazy Yiuf (D:7)
  A centaur skeleton (D:8)
  3 iguanas
  Jessica (D:3)
  Natasha (thrice) (D:4)
  8 worker ants
  19 adders
  3 gnolls (D:6)
  2 river rats (D:6)
  2 shadow imps
  An ooze (D:3)
  3 dart slugs
  2 worms
  6 leopard geckos
  30 orcs
  13 giant cockroaches
  7 hobgoblins
  14 jackals
  7 kobolds
  2 quokkas
  14 bats
  8 frilled lizards
  4 goblins
  A jackal skeleton (D:6)
  A leopard gecko skeleton (D:6)
  A quokka zombie (D:6)
  9 rats
229 creatures vanquished.

Vanquished Creatures (others)
  An orc priest (D:6)
  2 fungi
3 creatures vanquished.

Grand Total: 232 creatures vanquished

Notes
Turn   | Place    | Note
-------+----------+-------------------------------------------
     0 | D:1      | Blackhawk the Vine Stalker Fighter began the quest for the Orb.
     0 | D:1      | Reached XP level 1. HP: 11/11 MP: 2/2
    64 | D:1      | Reached XP level 2. HP: 4/16 MP: 3/3
   829 | D:1      | Reached XP level 3. HP: 20/20 MP: 4/4
  1084 | D:2      | Found a hide-covered altar of Uskayaw.
  1257 | D:2      | Gained mutation: Your natural rate of healing is unusually fast. [Vine Stalker growth]
  1257 | D:2      | Reached XP level 4. HP: 23/24 MP: 5/5
  1574 | D:2      | Reached XP level 5. HP: 27/28 MP: 6/6
  1841 | D:3      | Noticed Jessica
  1852 | D:3      | Killed Jessica
  1875 | D:3      | Found an opulent altar of Gozag.
  1991 | D:3      | Found a sacrificial altar of Ru.
  2010 | D:3      | Reached XP level 6. HP: 30/33 MP: 7/7
  2704 | D:4      | Reached XP level 7. HP: 37/37 MP: 8/8
  2836 | D:4      | Found a shadowy altar of Dithmenos.
  2858 | D:4      | Noticed Menkaure
  2862 | D:4      | Killed Menkaure
  2891 | D:4      | Noticed Natasha
  2899 | D:4      | Killed Natasha
  2909 | D:4      | Noticed Natasha
  2919 | D:4      | Killed Natasha
  2976 | D:4      | Noticed Natasha
  2995 | D:4      | Killed Natasha
  3019 | D:4      | Found the +7 Singing Sword
  3089 | D:4      | Gained mutation: You have razor-sharp teeth. [Vine Stalker growth]
  3089 | D:4      | Reached XP level 8. HP: 12/42 MP: 6/9
  3178 | D:4      | Found a shattered altar of Ashenzari.
  3415 | D:5      | Entered Level 5 of the Dungeon
  3436 | D:5      | Reached skill level 5 in Fighting
  3436 | D:5      | Reached skill level 5 in Shields
  3515 | D:5      | Found a staircase to the Ecumenical Temple.
  3533 | Temple   | Entered the Ecumenical Temple
  3547 | Temple   | Became a worshipper of Elyvilon the Healer
  3921 | D:5      | Reached skill level 5 in Maces & Flails
  3929 | D:5      | Got a pitted rapier {venom}
  3983 | D:5      | Identified the cursed +0 rapier of Prescription {venom, *Corrode Str+3 Int+4} (You took it off an orc on level 5 of the Dungeon)
  4165 | D:6      | Reached skill level 5 in Armour
  4194 | D:6      | Reached skill level 1 in Short Blades
  4222 | D:6      | Noticed Edmund
  4236 | D:6      | Killed Edmund
  4236 | D:6      | Reached XP level 9. HP: 45/48 MP: 7/10
  4316 | D:6      | Reached * piety under Elyvilon
  4425 | D:6      | Found a runed door.
  4437 | D:6      | Found a runed door.
  4484 | D:6      | Found an iron altar of Okawaru.
  4485 | D:6      | Noticed Pikel
  4494 | D:6      | Killed Pikel
  4613 | D:6      | Reached ** piety under Elyvilon
  5148 | D:7      | Found an ornate altar of the Wu Jian Council.
  5212 | D:7      | Found a hazy altar of Hepliaklqana.
  5262 | D:7      | Found a glowing silver altar of Zin.
  5262 | D:7      | Found a basalt altar of Yredelemnul.
  5316 | D:7      | Found Yppy's General Store.
  5337 | D:7      | Bought the cursed +0 falchion of Uncertain Death {flame, rN+} for 204 gold pieces
  5380 | D:7      | Reached *** piety under Elyvilon
  5684 | D:7      | Reached XP level 10. HP: 44/53 MP: 7/11
  5983 | D:7      | Found a runed door.
  6378 | D:7      | Noticed Crazy Yiuf
  6384 | D:7      | Killed Crazy Yiuf
  6389 | D:7      | Got a translucent mace
  6390 | D:7      | Identified the cursed +3 mace "Edobayr" {chaos, rF- rC+ MR+++ Int+2} (You found it on level 7 of the Dungeon)
  6462 | D:8      | Found a staircase to the Lair.
  7021 | D:8      | Reached **** piety under Elyvilon
  7140 | D:8      | Found a snail-covered altar of Cheibriados.
  7147 | D:8      | Found an ancient bone altar of Kikubaaqudgha.
  7174 | D:8      | Reached skill level 5 in Short Blades
  7265 | D:8      | Found a blossoming altar of Fedhas.
  7268 | D:8      | Found a stormy altar of Qazlal.
  7462 | D:8      | Found a burning altar of Makhleb.
  7490 | D:8      | Reached ***** piety under Elyvilon
  7750 | D:9      | Slain by a killer bee

Skill      XL: |  1  2  3  4  5  6  7  8  9 10 |
---------------+-------------------------------+-----
Maces & Flails | 2 3 4 5 |  5.0
Fighting       | 3 4 5 6 7 |  7.6
Shields        | 3 4 5 6 7 |  7.6
Armour         | 3 4 5 6 |  6.9
Short Blades   | 1 3 5 |  5.0

Action                   |  1- 3 |  4- 6 |  7- 9 | 10-12 || total
-------------------------+-------+-------+-------+-------++-------
Melee: Flail             |   122 |   226 |   175 |       ||   523
       Bite              |    27 |    54 |   146 |    66 ||   293
       Rapier            |       |       |   214 |   179 ||   393
  Use: Scroll            |       |       |     2 |     2 ||     4
 Stab: Held in net/web   |       |       |     3 |       ||     3
  Eat: Chunk             |    12 |     5 |     5 |     4 ||    26
Armor: Scale mail        |    34 |       |       |       ||    34
       Chain mail        |    25 |   209 |   186 |   141 ||   561
Dodge: Dodged            |    33 |    58 |    91 |    84 ||   266
Block: Shield            |    64 |   162 |   226 |   166 ||   618
